 Dungeon Crawl Stone Soup version 0.29-a0-472-ge5599a681e (webtiles) character file.

Game seed: 8432184918613266701

23 greenreed the Skirmisher (level 3, -3/33 HPs)
             Began as a Hill Orc Monk on May 22, 2022.
             Slain by a hound (5 damage)
             ... on level 1 of the Dungeon.
             The game lasted 00:02:57 (1169 turns).

greenreed the Skirmisher (Hill Orc Monk)            Turns: 1169, Time: 00:02:58

Health: -3/33      AC:  3    Str: 15    XL:     3   Next: 0%
Magic:  3/3        EV: 12    Int: 10    God:
Gold:   55         SH:  0    Dex: 13    Spells: 2/2 levels left

rFire   . . .      SeeInvis .   a - +0 spear
rCold   + . .      Faith    .   (no shield)
rNeg    . . .      Spirit   .   g - +0 leather armour {rC+}
rPois   .          Reflect  .   (no helmet)
rElec   .          Harm     .   (no cloak)
rCorr   .          Rampage  .   (no gloves)
Will    .....                   (no boots)
Stlth   ++........              l - amulet of the acrobat
HPRegen 0.11/turn               (no ring)
MPRegen 0.08/turn               (no ring)

@: brilliant, hasted, very quick
A: no striking features
a: no special abilities


You were on level 1 of the Dungeon.
You visited 1 branch of the dungeon, and saw 2 of its levels.

You collected 55 gold pieces.

Inventory:

Hand Weapons
 a - a +0 spear (weapon)
Armour
 b - a +0 robe
 g - a +0 leather armour of cold resistance (worn)
Jewellery
 l - an amulet of the acrobat (around neck)
Scrolls
 d - 3 scrolls of immolation {unknown}
 e - a scroll of enchant armour {unknown}
 f - a scroll of magic mapping {unknown}
 h - a scroll of poison {unknown}
 i - a scroll of summoning {unknown}
 k - a scroll of teleportation {unknown}


   Skills:
 + Level 4.0 Fighting
 + Level 3.7 Polearms
 + Level 0.2 Armour
 + Level 2.6 Dodging
 + Level 1.7 Stealth


You had 2 spell levels left.
You didn't know any spells.
Your spell library contained the following spells:

 Spells                   Type           Power      Damage    Failure   Level
 Portal Projectile        Hex/Tloc       0%         N/A       80%         3
 Tukima's Dance           Hex            0%         N/A       80%         3
 Blade Hands              Tmut           0%         N/A       100%        5


Dungeon Overview and Level Annotations

Branches:
Dungeon (2/15)

Altars:

Shops:
D:2 *


Message History

The hound completely misses you.
It was a potion of haste.
You feel yourself speed up. The hound closely misses you.
You barely miss the hound.
The hound is lightly wounded.
The hound completely misses you.
You closely miss the hound. The hound closely misses you.
You barely miss the hound. The hound closely misses you.
The hound barely misses you. The hound attacks as you move away!
The hound completely misses you.
You miss the hound. The hound bites you but does no damage.
You closely miss the hound. The hound barely misses you.
You closely miss the hound. You barely miss the hound. The hound misses you.
You barely miss the hound. The hound misses you.
You completely miss the hound. The hound bites you but does no damage.
You hit the hound but do no damage. The hound bites you but does no damage.
You hit the hound.
The hound is lightly wounded.
The hound bites you but does no damage.
You hit the hound.
The hound is heavily wounded.
The hound bites you.
* * * LOW HITPOINT WARNING * * *
You miss the hound.
The hound is heavily wounded.
The hound closely misses you.
You barely miss the hound.
The hound is heavily wounded.
The hound barely misses you.
You hit the hound.
The hound is severely wounded.
The hound misses you.
You hit the hound.
The hound is severely wounded.
The hound misses you.
You completely miss the hound.
The hound is severely wounded.
The hound bites you.
You die...

#######.##......# #..........
#.##......# #..........
#.##......########.######..
#>.'.......................
#.##......#.####.##........
#.#########.# #..#........
#####.### #####.# ##.#........
#.......###.....#####..........
#............h@................
#.......###.##########.#######.
#.......###.## ##.#######.
#.......##...# #.....)....
#.......##...# #)..######.
#.......##...# #.#.## #.
#.......##...# #.#..# #.
#.......##...########.##.## #.
##########...##...........# #.


You could see a hound.

Vanquished Creatures
  4 ball pythons (D:1)
  2 endoplasms
  2 giant cockroaches (D:1)
  A hobgoblin (D:1)
  2 quokkas (D:1)
  4 bats (D:1)
  2 goblins (D:1)
  4 kobolds
  A rat (D:1)
22 creatures vanquished.

Notes
Turn   | Place    | Note
-------+----------+-------------------------------------------
     0 | D:1      | greenreed the Hill Orc Monk began the quest for the Orb.
     0 | D:1      | Reached XP level 1. HP: 19/19 MP: 1/1
   174 | D:1      | Found a faded altar of an unknown god.
   237 | D:1      | Reached XP level 2. HP: 27/27 MP: 2/2
   841 | D:1      | Reached skill level 4 in Fighting
  1029 | D:2      | Found Poexzodd's Assorted Antiques.
  1100 | D:2      | Reached XP level 3. HP: 33/33 MP: 3/3
  1169 | D:1      | Slain by a hound

Illustrated notes

Levels and vault maps discovered:
D:1:      wheals_arrival_shading, layout_basic,
          hellmonk_ecumenical_altar_inner_sanctum, minmay_misc_feat_pillars,
          feat_on_display
D:2:      minmay_skewed_foursquare, layout_basic, serial_corexii_hall,
          corexii_hall_statues_x, corexii_hall_statues_s,
          chequers_hall_statues_y, chequers_hall_statues_wall_a,
          chequers_hall_statues_wall_a, corexii_hall_statues_t, basic_altar,
          serial_shops, nicolae_shop_statue_plus, minmay_misc_feat_encased

Skill      XL: |  1  2 |
---------------+-------+-----
Fighting       | 4 |  4.0
Polearms       | |  3.7
Armour         | |  0.2
Dodging        | |  2.6
Stealth        | |  1.7

Action                   || total
-------------------------++-------
Melee: Spear             ||   112
  Use: Potion            ||     3
 Stab: Sleeping          ||     4
Armor: Leather armour    ||    22
Dodge: Dodged            ||    92

Table legend: (Time is in decaauts)
 A = Elapsed time spent in this place.
 B = Non-inter-level travel time spent in this place.
 C = Inter-level travel time spent in this place.
 D = Time resting spent in this place.
 E = Time spent auto-exploring this place.
 F = Levels seen in this place.
 G = Mean time per level.
                   A        B        C        D        E       F      G
               +--------+--------+--------+--------+--------+-----+--------+
         Total |   1151 |   1133 |     18 |      0 |    882 |   2 |  575.5 |
       Dungeon |   1151 |   1133 |     18 |      0 |    882 |   2 |  575.5 |
               +--------+--------+--------+--------+--------+-----+--------+

Top non-repeatable levels by time:
     D:1: 1056 daAuts
     D:2: 94 daAuts
